 Dungeon Crawl Stone Soup version 0.28-a0-1128-gb845255321 (webtiles) character file.

Game seed: 8295658851710686535

1743 Essalna the Conjurer (level 8, 0/54 HPs)
             Began as a Demonspawn Fire Elementalist on Dec 12, 2021.
             Was a Follower of Vehumet.
             Succumbed to Duvessa's poison
             ... on level 6 of the Dungeon.
             The game lasted 00:12:04 (8107 turns).

Essalna the Conjurer (Demonspawn Fire Elementalist) Turns: 8107, Time: 00:12:05

Health: 0/54       AC:  5    Str: 13 (16) XL:     8   Next: 77%
Magic:  4/17       EV: 13    Int: 17 (18) God:    Vehumet [*.....]
Gold:   315        SH:  3    Dex: 12 (13) Spells: 12/19 levels left

rFire   . . .      SeeInvis .   c - staff of conjuration
rCold   . . .      Faith    .   x - +0 buckler
rNeg    . . .      Spirit   .   a - +0 robe
rPois   .          Reflect  .   e - +0 helmet
rElec   .          Harm     .   k - +0 cloak
rCorr   .          Rampage  .   g - +0 pair of gloves
Will    .....                   (no boots)
Stlth   ++........              (no amulet)
HPRegen 0.18/turn               d - +6 ring of strength
MPRegen 0.30/turn               p - +4 ring of slaying

@: lethally poisoned (0 -> -11), studying Air Magic
A: repulsion field 1, demonic guardian 1, magic regeneration
a: Renounce Religion


You were on level 6 of the Dungeon.
You worshipped Vehumet.
Vehumet was aware of your devotion.
You visited 2 branches of the dungeon, and saw 7 of its levels.

You collected 315 gold pieces.

Inventory:

Hand Weapons
 b - a +1 spectral whip
Armour
 a - a +0 robe (worn)
 e - a +0 helmet (worn)
 g - a +0 pair of gloves (worn)
 k - a +0 cloak (worn)
 x - a +0 buckler (worn)
Magical Staves
 c - a staff of conjuration (weapon)
Jewellery
 d - a +6 ring of strength (left hand)
 p - a +4 ring of slaying (right hand)
 w - a ring of see invisible
Wands
 l - a wand of polymorph (11)
Scrolls
 j - 2 scrolls of identify
 y - 2 scrolls of fear
Potions
 f - a potion of mutation
 m - a potion of might {unknown}
 n - a potion of lignification {unknown}
 o - a potion of attraction {unknown}
 r - a potion of curing {unknown}
 s - a potion of berserk rage {unknown}
 t - 2 potions of brilliance {unknown}
 v - a potion of flight {unknown}


   Skills:
 + Level 1.3 Fighting
 - Level 1.7 Dodging
 - Level 1.7 Stealth
 + Level 1.2 Shields
 + Level 6.0 Spellcasting
 + Level 6.4 Conjurations
 + Level 6.4 Fire Magic


You had 12 spell levels left.
You knew the following spells:

 Your Spells              Type           Power      Damage    Failure   Level
a - Foxfire               Conj/Fire      100%       2x1d9     1%          1
b - Scorch                Fire           52%        2d7       1%          2
c - Flame Wave            Conj/Fire      40%        2d8       13%         4

Your spell library contained the following spells:

 Spells                   Type           Power      Damage    Failure   Level
 Shock                    Conj/Air       96%        1d9       4%          1
 Conjure Flame            Conj/Fire      40%        6-21      3%          3
 Inner Flame              Hex/Fire       16%        N/A       14%         3
 Animate Skeleton         Necr           10%        N/A       19%         1
 Apportation              Tloc           10%        N/A       19%         1
 Summon Small Mammal      Summ           20%        N/A       19%         1
 Ensorcelled Hibernation  Hex/Ice        10%        N/A       26%         2
 Passwall                 Tmut/Erth      4%         N/A       26%         2
 Spider Form              Tmut/Pois      5%         N/A       47%         3
 Swiftness                Air            5%         N/A       47%         3


Dungeon Overview and Level Annotations

Branches:
Dungeon (6/15)             Temple (1/1) D:4

Altars:
Ashenzari
Cheibriados
Elyvilon
Fedhas
Gozag
Hepliaklqana
Kikubaaqudgha
Uskayaw
Vehumet
Zin

Shops:
D:5 *

Annotations:
D:6 Dowan


Innate Abilities, Weirdness & Mutations

You are surrounded by a mild repulsion field. (EV +2)
A weak demonic guardian rushes to your aid.
You regenerate magic rapidly.


Message History

Duvessa is almost dead.
You feel very sick.
Duvessa says, "When magic and the sword combine, nothing stands against them."
Duvessa hits you with a +5 rapier of venom.
Casting: Scorch (safe; 1% risk of failure)
Confirm with . or Enter, or press ? or * to list all spells.
Flames lash Duvessa but do no damage.
You feel very sick.
Duvessa says, "When magic and the sword combine, nothing stands against them."
Duvessa hits you with a +5 rapier of venom.
* * * LOW HITPOINT WARNING * * *
You are lethally poisoned!
Casting: Scorch (safe; 1% risk of failure)
Confirm with . or Enter, or press ? or * to list all spells.
Flames lash Duvessa.
Duvessa is burned terribly!
Duvessa is almost dead.
* * * LOW HITPOINT WARNING * * *
You feel very sick.
Duvessa is no longer more vulnerable to fire.
Duvessa says, "When magic and the sword combine, nothing stands against them."
Duvessa barely misses you.
Casting: Scorch (safe; 1% risk of failure)
Confirm with . or Enter, or press ? or * to list all spells.
Flames lash Duvessa.
You kill Duvessa!
Vehumet accepts your kill.
You hear a distant wail of despair.
* * * LOW HITPOINT WARNING * * *
You feel very sick.
Your Shields skill increases to level 1!
Casting: Scorch (safe; 1% risk of failure)
Confirm with . or Enter, or press ? or * to list all spells.
You can't see any susceptible monsters within range! (Use Z to cast anyway.) It was a potion of cancellation.
You feel magically purged.
* * * LOW HITPOINT WARNING * * *
You feel very sick.
It was a potion of degeneration.
There was something very wrong with that liquid.
You feel weakened.
You feel dopey.
You feel clumsy.
You die...

.# #.#.# #.#..#.#. ..h. .# #.#.#
#.#..#..# ....#⌠#. .#####.#.#
##....#..###..###.##
.......#.#####....[#.. #...#⌠...⌠
.......#.#...........§##.###....!
.......)...).......#§§##§#⌠...<..
######.#...........§.§§§§###Z....
#.##......#)###§§§#...#⌠=?.⌠
#####.##......#@##.§#§.#..###.##
##.......#...............c...# #.
....##.##.##.#####......##§..###.
##..##.##.##.# ##....##.#.....
....##.##.##.# ##### #.######
###(##.##.##.# ####.#
........##.# #....# ##########.#
#.#### #.# #.#


There were no monsters in sight!

Vanquished Creatures
  The ghost of LadyOphelia the Fighter, a novice MiBe of Trog (D:5)
  Duvessa (D:6)
  A water moccasin (D:5)
  A black bear (D:5)
  2 sky beasts (D:5)
  An ice beast (D:6)
  A necrophage (D:6)
  A centaur (D:6)
  A phantom (D:5)
  A kobold brigand (D:5)
  A bullfrog (D:5)
  A bullfrog zombie (D:5)
  Crazy Yiuf (D:2)
  Natasha (thrice) (D:3)
  2 iguanas (D:5)
  Terence (D:2)
  A hound zombie (D:5)
  2 hound skeletons
  Robin (D:4)
  3 gnolls (D:3)
  5 adders
  An ufetubus (D:4)
  2 adder skeletons (D:4)
  A worm (D:3)
  2 dart slugs
  6 orcs
  8 ball pythons
  5 bats
  4 endoplasms
  4 giant cockroaches
  12 goblins
  13 hobgoblins
  2 jackals (D:1)
  4 quokkas
  A frilled lizard (D:1)
  14 kobolds
  5 rats
116 creatures vanquished.

Vanquished Creatures (collateral kills)
  A dart slug (D:1)
1 creature vanquished.

Vanquished Creatures (others)
  546 foxfires
546 creatures vanquished.

Grand Total: 663 creatures vanquished

Notes
Turn   | Place    | Note
-------+----------+-------------------------------------------
     0 | D:1      | Essalna the Demonspawn Fire Elementalist began the quest
                  | for the Orb.
     0 | D:1      | Reached XP level 1. HP: 13/13 MP: 3/3
   876 | D:1      | Found a faded altar of an unknown god.
   904 | D:1      | Gained mutation: A weak demonic guardian rushes to your
                  | aid. [demonic ancestry]
   904 | D:1      | Reached XP level 2. HP: 19/19 MP: 0/5
  1410 | D:1      | Learned a level 2 spell: Scorch
  2301 | D:2      | Found an opulent altar of Gozag.
  2372 | D:2      | Reached XP level 3. HP: 24/24 MP: 3/6
  3104 | D:2      | Found a runed translucent door.
  3105 | D:2      | Noticed Crazy Yiuf
  3174 | D:2      | Killed Crazy Yiuf
  3175 | D:2      | Reached XP level 4. HP: 30/30 MP: 1/8
  3507 | D:2      | Noticed Terence
  3521 | D:2      | Killed Terence
  3839 | D:3      | Noticed Natasha
  3845 | D:3      | Killed Natasha
  3846 | D:3      | Gained mutation: You are surrounded by a mild repulsion
                  | field. (EV +2) [demonic ancestry]
  3846 | D:3      | Reached XP level 5. HP: 33/35 MP: 3/9
  3881 | D:3      | Noticed Natasha
  3886 | D:3      | Killed Natasha
  3976 | D:3      | Noticed Natasha
  3977 | D:3      | Killed Natasha
  4743 | D:4      | Found a staircase to the Ecumenical Temple.
  4771 | D:4      | Noticed Robin
  4779 | Temple   | Entered the Ecumenical Temple
  4908 | Temple   | Became a worshipper of Vehumet
  4950 | Temple   | Learned a level 4 spell: Flame Wave
  4958 | D:5      | Entered Level 5 of the Dungeon
  4971 | D:4      | Gained mutation: You regenerate magic rapidly. [demonic
                  | ancestry]
  4971 | D:4      | Reached XP level 6. HP: 39/41 MP: 9/11
  4974 | D:4      | Killed Robin
  6039 | D:5      | Found a runed translucent gate.
  6116 | D:5      | Noticed a sky beast
  6119 | D:5      | Found a runed translucent gate.
  6121 | D:5      | Found a runed translucent gate.
  6350 | D:5      | Noticed a water moccasin
  6354 | D:5      | Killed a water moccasin
  6355 | D:5      | Reached XP level 7. HP: 46/46 MP: 8/13
  6361 | D:5      | Reached skill level 5 in Fire Magic
  6398 | D:5      | Found Gaxekyte's Assorted Antiques.
  6578 | D:5      | Noticed LadyOphelia's ghost (novice MiBe)
  6846 | D:5      | Reached * piety under Vehumet
  6846 | D:5      | Offered knowledge of Shock by Vehumet.
  6869 | D:5      | Reached skill level 5 in Conjurations
  7292 | D:5      | Reached skill level 5 in Spellcasting
  7312 | D:5      | Reached XP level 8. HP: 52/52 MP: 6/15
  7337 | D:5      | Killed LadyOphelia's ghost
  7824 | D:6      | Noticed Dowan
  7832 | D:6      | Reached skill level 1 in Fighting
  7851 | D:6      | Noticed Duvessa
  8105 | D:6      | Killed Duvessa
  8106 | D:6      | Reached skill level 1 in Shields
  8107 | D:6      | Succumbed to Duvessa's poison

Illustrated notes

Levels and vault maps discovered:
D:1:      lemuel_arrival_room, layout_loops_corners,
          shapermc_ecumenical_altar_mp_urbaneastern, minmay_misc_feat_roman,
          minmay_bisected
D:2:      layout_basic, basic_altar, hex_medium, st_stairs_10,
          hangedman_abyss_or_decor_stabs, uniq_terence, uniq_crazy_yiuf_cottage
D:3:      kennysheep_big_flooded_room, layout_rooms, minmay_misc_feat_hallway,
          minmay_cut_off, uniq_natasha
D:4:      layout_loops_corners, minmay_temple_entry_offerings, uniq_robin
D:5:      cheibrodos_thug_alley, layout_layer_cave, serial_shops,
          nicolae_shop_advertising_works [nicolae_subvault_shop_adworks],
          gammafunk_ghost_split, chequers_serial_rivers_small_a
D:6:      layout_loops_ring, lightli_temple_of_fire, nicolae_fountain_basement,
          uniq_duvessa, uniq_maggie
Temple:   mainiacjoe_temple_hex_bubbles

Skill      XL: |  1  2  3  4  5  6  7  8 |
---------------+-------------------------+-----
Fire Magic     | 3 4 5 6 |  6.4
Conjurations   | 2 3 4 5 6 |  6.4
Spellcasting   | 3 4 5 6 |  6.0
Fighting       | 1 |  1.3
Shields        | 1 |  1.2
Dodging        | |  1.7
Stealth        | |  1.7

Action                   |  1- 3 |  4- 6 |  7- 9 || total
-------------------------+-------+-------+-------++-------
Melee: Unarmed           |    15 |       |       ||    15
       Whip              |     5 |       |       ||     5
       Staff             |    18 |    33 |    18 ||    69
 Cast: Foxfire           |    94 |   158 |    76 ||   328
       Scorch            |     3 |     2 |    15 ||    20
  Use: Scroll            |       |     6 |     3 ||     9
       Potion            |       |       |     2 ||     2
 Stab: Sleeping          |       |     2 |       ||     2
Armor: Robe              |    11 |    15 |     7 ||    33
Dodge: Dodged            |    31 |    55 |    29 ||   115
Block: Buckler           |       |       |     2 ||     2

Table legend: (Time is in decaauts)
 A = Elapsed time spent in this place.
 B = Non-inter-level travel time spent in this place.
 C = Inter-level travel time spent in this place.
 D = Time resting spent in this place.
 E = Time spent auto-exploring this place.
 F = Levels seen in this place.
 G = Mean time per level.
                   A        B        C        D        E       F      G
               +--------+--------+--------+--------+--------+-----+--------+
         Total |   8138 |   7700 |    438 |    155 |   6581 |   7 | 1162.6 |
       Dungeon |   7966 |   7580 |    386 |    155 |   6481 |   6 | 1327.7 |
        Temple |    171 |    119 |     52 |      0 |    100 |   1 |  171.0 |
               +--------+--------+--------+--------+--------+-----+--------+

Top non-repeatable levels by time:
     D:1: 2233 daAuts
     D:5: 1692 daAuts
     D:2: 1509 daAuts
     D:3: 1057 daAuts
     D:4: 1051 daAuts
     D:6: 422 daAuts
  Temple: 171 daAuts
